 Dungeon Crawl Stone Soup version 0.24.0-123-gd5b16e6ec5 (webtiles) character file.

Game seed: 5026146640212202609, levelgen mode: deterministic

105 FluffierThanThou the Skirmisher (level 4, -3/37 HPs)
             Began as a Demonspawn Chaos Knight on Jan 14, 2020.
             Was a Plaything of Xom.
             Succumbed to kobold's curare-tipped dart
             ... on level 3 of the Dungeon.
             The game lasted 00:05:48 (1659 turns).

FluffierThanThou the Skirmisher (DsCK)              Turns: 1659, Time: 00:05:51

Health: -3/37      AC:  7    Str: 13    XL:     4   Next: 54%
Magic:  4/4        EV: 11    Int: 14    God:    Xom [*.....]
Gold:   77         SH:  0    Dex: 12    Spells: 3/3 levels left

rFire    + . .     SeeInvis .   a - +0 hand axe (chaos)
rCold    . . .     Gourm    .   (no shield)
rNeg     . . .     Faith    .   f - +2 ring mail {rF+}
rPois    .         Spirit   .   (helmet restricted)
rElec    .         Reflect  .   (no cloak)
rCorr    .         Harm     .   (no gloves)
MR       .....                  (no boots)
Stlth    +.........             (no amulet)
HPRegen  0.12/turn              (no ring)
MPRegen  0.09/turn              (no ring)

@: lethally poisoned (-3 -> -42), flying, slowed, very slow
A: horns 1
a: Renounce Religion


You were on level 3 of the Dungeon.
You worshipped Xom.
You were a special plaything of Xom.
You were not hungry.

You visited 1 branch of the dungeon, and saw 3 of its levels.

You collected 77 gold pieces.

Inventory:

Hand Weapons
 a - a +0 hand axe of chaos (weapon)
Armour
 b - a +2 leather armour
 f - a +2 ring mail of fire resistance (worn)
   (You found it on level 1 of the Dungeon)
Jewellery
 p - an uncursed ring of resist corrosion {unknown}
   (You found it on level 2 of the Dungeon)
Scrolls
 c - 2 scrolls of amnesia {unknown}
 g - a scroll of teleportation {unknown}
 h - a scroll of enchant weapon {unknown}
 i - a scroll of blinking {unknown}
 k - a scroll of immolation {unknown}
 q - a scroll of random uselessness {unknown}
Potions
 d - a potion of heal wounds {unknown}
 j - a potion of flight
 l - a potion of degeneration {unknown}
 m - a potion of curing {unknown}
 n - a potion of resistance {unknown}
Comestibles
 e - 7 rations {!d}
 o - 3 chunks of flesh


   Skills:
 * Level 3.9 Fighting
 * Level 3.5 Axes
 + Level 2.4 Armour
 + Level 1.6 Dodging


You had 3 spell levels left.
You didn't know any spells.
Your spell library was empty.

Dungeon Overview and Level Annotations

Branches:
Dungeon (3/15)

Altars:
Fedhas
Kikubaaqudgha


Innate Abilities, Weirdness & Mutations

You have a pair of small horns on your head.


Message History

You butcher the adder corpse.
o - 3 chunks of flesh (gained 1)
You see here an adder skeleton. x2
You open the door.
A kobold comes into view. It is wielding a +0 club.
The kobold shouts!
There is an open door here.
A kobold comes into view. It is wielding a +0 dagger.
The kobold shouts!
The kobold throws a curare-tipped dart.
The curare-tipped dart misses you.
You see here a curare-tipped dart {!f}.
The kobold closely misses you.
You hit the kobold but do no damage. The kobold barely misses you.
You hit the kobold but do no damage.
The kobold is moving more slowly.
You headbutt the kobold. The kobold hits you but does no damage.
You hit the kobold.
The kobold throws a curare-tipped dart.
The curare-tipped dart hits you.
You are poisoned.
You have difficulty breathing.
* * * LOW HITPOINT WARNING * * *
You feel yourself slow down. The kobold hits you but does no damage.
You are too injured to fight recklessly!
You are too injured to fight recklessly!
You are too injured to fight recklessly!
You are too injured to fight recklessly!
You are too injured to fight recklessly!
You hit the kobold but do no damage.
You feel sick.
The kobold throws a curare-tipped dart.
The curare-tipped dart hits you.
You are lethally poisoned!
You have difficulty breathing.
* * * LOW HITPOINT WARNING * * *
You feel as though you will be slow longer.
The kobold closely misses you.
The kobold throws a curare-tipped dart.
The curare-tipped dart barely misses you.
The kobold hits you but does no damage.
You hit the kobold.
You kill the kobold!
* * * LOW HITPOINT WARNING * * *
You feel very sick.
The kobold throws a curare-tipped dart.
The curare-tipped dart hits you.
You are more poisoned.
You have difficulty breathing.
* * * LOW HITPOINT WARNING * * *
You feel as though you will be slow longer.
It was a potion of flight.
You feel very buoyant.
You fly up into the air.
You die...
Xom guffaws!

..............#
..........###.#
..........# #.#
........รท.#
#.# .(........#
#.# ..........#
#.# .........#
#.#
.........###)#
######.....#@#
#.....#.#
#.....#K######
+.....'........
#.....#.#.....#
+.....(.+.....+
#.......# ..K.#
#.....### ....#
#.....# ####


You could see a kobold.

Vanquished Creatures
  5 adders
  3 dart slugs (D:1)
  An orc (D:2)
  7 bats
  A giant cockroach (D:1)
  8 goblins
  4 hobgoblins
  6 jackals (D:1)
  A quokka (D:2)
  3 frilled lizards
  5 kobolds
  11 rats
55 creatures vanquished.

Notes
Turn   | Place    | Note
-------+----------+-------------------------------------------
     0 | D:1      | FluffierThanThou the Demonspawn Chaos Knight began the
                  | quest for the Orb.
     0 | D:1      | Reached XP level 1. HP: 18/18 MP: 1/1
    72 | D:1      | Reached skill level 1 in Dodging
   149 | D:1      | XOM: potion effect (brilliance)
   164 | D:1      | Gained mutation: You have a pair of small horns on your
                  | head. [demonic ancestry]
   164 | D:1      | Reached XP level 2. HP: 17/24 MP: 2/2
   171 | D:1      | XOM: harmless Erth miscast
   341 | D:1      | Reached XP level 3. HP: 13/29 MP: 3/3
   623 | D:1      | You fall into a shaft and drop 1 floor!
   667 | D:2      | XOM: silly message
   899 | D:2      | Reached XP level 4. HP: 28/37 MP: 4/4
  1140 | D:2      | Found an ancient bone altar of Kikubaaqudgha.
  1142 | D:2      | Found a blossoming altar of Fedhas.
  1530 | D:2      | XOM: mild Necr miscast
  1658 | D:3      | HP: 1/37 [asphyx]
  1659 | D:3      | Succumbed to kobold's curare-tipped dart

Levels and vault maps discovered:
D:1:      giann_bridges, layout_basic, hangedman_decor_clover_reticule
D:2:      layout_loops_cross, grunt_temple_overflow_growth_and_decay
D:3:      layout_basic, gammafunk_temple_overflow_claw,
          nicolae_tso_swordbearing_angel

Skill      XL: |  1  2 |
---------------+-------+-----
Dodging        | 1 |  1.6
Axes           | 3 |  3.5
Armour         | 2 |  2.4
Fighting       | |  3.9

Action                   |  1- 3 |  4- 6 || total
-------------------------+-------+-------++-------
Melee: Hand axe          |   112 |    46 ||   158
       Headbutt          |    13 |     3 ||    16
  Use: Potion            |       |     1 ||     1
 Stab: Paralysed         |     2 |       ||     2
       Sleeping          |     1 |       ||     1
       Confused          |       |     1 ||     1
  Eat: Chunk             |       |     3 ||     3
Armor: Leather armour    |    37 |       ||    37
       Ring mail         |       |    19 ||    19
Dodge: Dodged            |    76 |    25 ||   101
